 Dungeon Crawl Stone Soup version 0.18-a0-1078-gebb93d0 (webtiles) character file.

1065 ater218 the Thaumaturge (level 8, -5/41 HPs)
             Began as a Deep Elf Fire Elementalist on Jan 13, 2016.
             Was an Initiate of Kikubaaqudgha.
             Slain by Duvessa
             ... wielding a +5 vampiric short sword
              (7 damage)
             ... on level 6 of the Dungeon on Jan 14, 2016.
             The game lasted 00:34:08 (7804 turns).

ater218 the Thaumaturge (DEFE)                      Turns: 7804, Time: 00:34:09

Health: -5/41      AC:  4    Str:  5    XL:     8   Next: 6%
Magic:  16/22      EV: 14    Int: 23    God:    Kikubaaqudgha [......]
Gold:   389        SH:  0    Dex: 17    Spells: 2 memorised, 20 levels left

rFire  x . .     SeeInvis .     c - +0 dagger
rCold  + + .     Gourm    .     j - +1 robe {rC+}
rNeg   . . .     Faith    .     (no shield)
rPois  .         Spirit   .     (no helmet)
rElec  .         Dismiss  .     e - +0 cloak
rCorr  .         Reflect  .     (no gloves)
SustAt .         Harm     .     (no boots)
MR     .....     Rnd*Rage +     (no amulet)
Stlth  ++........               (no ring)
                                k - ring of ice

@: about to teleport, not resistant to hostile enchantments, unstealthy
A: hooves 1, agile 1, berserk 1
a: Renounce Religion


You were on level 6 of the Dungeon.
You worshipped Kikubaaqudgha.
Kikubaaqudgha was noncommittal.
You were full.

You visited 2 branches of the dungeon, and saw 7 of its levels.
You also visited: Ossuary.

You collected 389 gold pieces.

Inventory:

Hand Weapons
 c - a +0 dagger (weapon)
Armour
 e - a +0 cloak (worn)
 j - a +1 robe of cold resistance (worn)
Jewellery
 k - a ring of ice (left hand)
Wands
 f - a wand of slowing (15/48)
Scrolls
 d - a scroll of fear
 h - a scroll of enchant weapon
 i - 3 scrolls of teleportation
 l - 4 scrolls of remove curse
 m - 3 scrolls of identify
Potions
 a - a potion of agility {unknown}
 g - 4 potions of curing
 n - a potion of flight
Books
 b - a book of Flames

   Spells                             Type                      Level
   a - Flame Tongue                   Conjuration/Fire             1
   b - Throw Flame                    Conjuration/Fire             2
   c - Conjure Flame                  Conjuration/Fire             3
   d - Inner Flame                    Hexes/Fire                   3
   e - Sticky Flame                   Conjuration/Fire             4
   f - Fireball                       Conjuration/Fire             5
Comestibles
 o - 2 royal jellies


   Skills:
 + Level 3.9 Dodging
 - Level 2.4 Stealth
 * Level 8.4 Spellcasting
 * Level 5.5 Conjurations
 + Level 5.9 Fire Magic


You had 20 spell levels left.
You knew the following spells:

 Your Spells              Type           Power        Failure   Level  Hunger
a - Flame Tongue          Conj/Fire      ###..        1%          1    None
b - Throw Flame           Conj/Fire      ###...       1%          2    None


Dungeon Overview and Level Annotations

Branches:
Dungeon (6/15)             Temple (1/1) D:5

Altars:
Ashenzari
Cheibriados
Dithmenos
Elyvilon
Fedhas
Gozag
Kikubaaqudgha
Nemelex Xobeh
Pakellas
Qazlal
Ru
Sif Muna
Trog
Vehumet
Xom
Yredelemnul
Zin

Annotations:
D:6 Dowan, Duvessa


Innate Abilities, Weirdness & Mutations

You have large cloven feet.
You are agile. (Dex +2)
You tend to lose your temper in combat.


Message History

You feel a numb sensation.
The flame tongue hits Duvessa.
Duvessa is moderately wounded.
Duvessa hits you with a vampiric short sword!
Casting: Flame Tongue
Confirm with . or Enter, or press ? or * to list all spells.
Aiming: Flame Tongue
Press: ? - help, Shift-Dir - straight line, f/p - ogre
Aim: an ogre, wielding a giant club (moderately wounded)
You feel a numb sensation.
The flame tongue hits the ogre.
The ogre is heavily wounded.
Dowan points at Duvessa and mumbles some strange words.
Duvessa seems to speed up.
Duvessa closely misses you. The ogre hits you with a giant club!!
Ouch! That really hurt!
* * * LOW HITPOINT WARNING * * *
As you read the scroll of teleportation, it crumbles to dust.
You feel strangely unstable.
Duvessa hits you with a vampiric short sword!
You die...
Kikubaaqudgha rasps: "You have failed me!
Welcome... death!"

#................
#.....#................
#.....#................
#..... #...............
#.....##...............
#......................
#...e.##...##<##.##..##
#...!e#######'##.##'###
#....O@.......#........
#.....#.......#........
#.....#.......#........
#[....##......##.....##
#..... ###########'####
#.....##.........>.....
#....................##
#....................##
....##......##......+


You could see Duvessa, an ogre and Dowan.

Vanquished Creatures
  Menkaure (D:6)
  2 ogres
  A giant frog (D:6)
  A scorpion (D:6)
  2 hounds (D:6)
  2 jellies
  4 orc wizards (D:6)
  A giant frog skeleton (D:6)
  A centaur skeleton (D:6)
  Ijyb (D:2)
  4 worker ants
  8 mummies (Ossuary)
  6 adders
  An ooze (D:1)
  2 worms
  A giant gecko (D:1)
  5 orcs
  5 giant cockroaches
  10 goblins
  10 hobgoblins
  10 jackals
  6 kobolds
  A quokka (D:4)
  A ball python (D:2)
  5 bats
  5 giant newts
  A gnoll zombie (Ossuary)
  4 hobgoblin zombies (Ossuary)
  A jackal skeleton (D:6)
  A kobold zombie (Ossuary)
  2 orc zombies (Ossuary)
  5 rats
110 creatures vanquished.

Notes
Turn   | Place    | Note
--------------------------------------------------------------
     0 | D:1      | ater218 the Deep Elf Fire Elementalist began the quest for the Orb.
     0 | D:1      | Reached XP level 1. HP: 10/10 MP: 6/6
   156 | D:1      | Reached XP level 2. HP: 15/15 MP: 4/8
   689 | D:1      | Reached XP level 3. HP: 19/19 MP: 8/10
  1096 | D:1      | Learned a level 2 spell: Throw Flame
  1764 | D:2      | Found a snail-covered altar of Cheibriados.
  1768 | D:2      | Reached skill level 4 in Fire Magic
  2132 | D:2      | Reached XP level 4. HP: 24/24 MP: 9/12
  2417 | D:2      | Found a sparkling altar of Nemelex Xobeh.
  2533 | D:2      | Gained mutation: You have large cloven feet. [potion of mutation]
  2533 | D:2      | Gained mutation: You are agile. (Dex +2) [potion of mutation]
  2533 | D:2      | Gained mutation: You tend to lose your temper in combat. [potion of mutation]
  2922 | D:2      | Noticed Ijyb
  2930 | D:2      | Killed Ijyb
  3444 | D:3      | Found a faded altar to an unknown god.
  3532 | D:4      | HP: 1/24 [poisoned by an adder]
  3832 | D:4      | Found a shimmering altar of Xom.
  3944 | D:4      | Reached XP level 5. HP: 28/28 MP: 0/14
  4095 | D:4      | Found a sand-covered staircase.
  4106 | Ossuary  | Entered an ossuary
  4260 | Ossuary  | Reached skill level 5 in Spellcasting
  5140 | D:4      | Reached XP level 6. HP: 32/32 MP: 13/16
  5225 | D:4      | Reached skill level 6 in Spellcasting
  5244 | D:4      | Found an ancient bone altar of Kikubaaqudgha.
  5262 | D:4      | Became a worshipper of Kikubaaqudgha
  5706 | D:5      | Entered Level 5 of the Dungeon
  5708 | D:5      | Found a bloodstained altar of Trog.
  5949 | D:5      | Found a staircase to the Ecumenical Temple.
  5960 | Temple   | Entered the Ecumenical Temple
  6059 | D:5      | Reached skill level 5 in Fire Magic
  6061 | D:5      | Reached XP level 7. HP: 36/36 MP: 4/19
  6388 | D:6      | Noticed Menkaure
  6392 | D:6      | Killed Menkaure
  6392 | D:6      | Reached skill level 7 in Spellcasting
  7023 | D:6      | Reached skill level 5 in Conjurations
  7150 | D:6      | Upgraded the game from 0.18-a0-1070-gd466a24 to 0.18-a0-1078-gebb93d0
  7284 | D:6      | Reached skill level 8 in Spellcasting
  7501 | D:6      | Reached XP level 8. HP: 30/41 MP: 6/22
  7652 | D:6      | Found a radiant altar of Vehumet.
  7797 | D:6      | Noticed Duvessa
  7799 | D:6      | Noticed Dowan
  7803 | D:6      | HP: 2/41 [ogre/giant club (30)]
  7804 | D:6      | Slain by Duvessa

Vault maps used:
D:1:      minmay_arrival_widening_spiral_wide, kennysheep_decorative_pillar,
          serial_bayou_lagoon_a, st_stairs_5, minmay_misc_feat_roman
D:2:      cheibriados_altar_wand_db, nemelex_spade_bored_becter, uniq_iyjb
D:3:      okawaru_metal_pillars_3, ecumenical_altar_2
D:4:      kiku_gazebo_pond_becter, lemuel_round_altar, enter_ossuary_1
D:5:      wad_river_or_something, nicolae_tso_carved_into_rock, bloody_trog,
          minmay_temple_entry_statues_pillars, first_bread, st_stairs_13
D:6:      grunt_temple_overflow_lords_of_destruction, uniq_duvessa,
          uniq_menkaure
Temple:   circular_temple_12
Ossuary:  ossuary_tomb_3

Action                   |  1- 3 |  4- 6 |  7- 9 || total
-------------------------+-------+-------+-------++-------
Melee: Unarmed           |    18 |    17 |    11 ||    46
 Cast: Flame Tongue      |    55 |    42 |    68 ||   165
       Throw Flame       |    10 |    83 |    33 ||   126
  Use: Scroll            |     3 |     9 |     5 ||    17
       Potion            |       |     7 |     2 ||     9
  Eat: Bread ration      |     1 |     1 |     2 ||     4
       Chunk             |     1 |       |     1 ||     2
       Pizza             |     1 |       |       ||     1
       Meat ration       |       |     1 |       ||     1
       Beef jerky        |       |     1 |       ||     1
